AoeStats
← Shredded_Pork

Black Forest

507067031Analyzed
4v4 RM · 16d ago on Sep 16, 2026· 33m 35s· 8 players
Game mode
Random Map
Map size
Large (8 player)
Population
200
Speed
Normal
Resources
Standard
Victory
Conquest
Starting age
Dark Age
Ending age
Imperial Age
RankedLock teamsTeams togetherTeam positionsShared explorationLock speedFull tech treeHidden civsTurbo modeCheats
Victory
Defeat
🇨🇳 Goths · China
647
+15
🇲🇽 Bohemians · Mexico
614
+16
🇨🇱 Huns · Chile
440
+24
🇨🇳 Jurchens · China
377
+26
🇮🇹 Persians · Italy
654
-22
🇹🇷 Slavs · Türkiye
651
-22
🇺🇸 Huns · United States
583
-19
🇷🇴 Aztecs · Romania
546
-18
Djgama17
0:37 Loom
blackjack6894
4:54 Loom
15:04 Feudal Age
16:34 Wheelbarrow
15:44 Town Watch
15:49 Double-Bit Axe
17:10 Horse Collar
22:35 Bloodlines
22:34 Scale Barding Armor
22:40 Forging
22:25 Stone Mining
22:28 Gold Mining
27:05 Castle Age
25:56 Fletching
27:49 Caravan
28:38 Hand Cart
29:19 Bow Saw
29:24 Husbandry
30:59 Chain Barding Armor
31:41 Gold Shaft Mining
32:34 Bodkin Arrow
LOLLYCT 85
10:09 Feudal Age
15:01 Castle Age
26:26 Horse Collar
26:39 Double-Bit Axe
26:55 Gold Mining
27:25 Heavy Plow
28:08 Bow Saw
28:38 Gold Shaft Mining
33:04 Imperial Age
canbomexes
15:02 Feudal Age
16:21 Wheelbarrow
15:29 Horse Collar
15:36 Double-Bit Axe
15:46 Stone Mining
15:49 Gold Mining
21:10 Castle Age
22:27 Hand Cart
23:39 Heavy Plow
23:51 Bow Saw
26:36 Caravan
chuchorex123
0:30 Loom
diegoyanezfigueroa4
15:00 Feudal Age
19:08 Wheelbarrow
19:13 Town Watch
19:20 Town Watch
19:23 Horse Collar
22:57 Double-Bit Axe
23:18 Arson
22:54 Man-at-Arms
24:14 Forging
24:05 Scale Mail Armor
23:56 Fletching
26:37 Castle Age
30:11 Iron Casting
29:31 Bodkin Arrow
30:22 Chain Mail Armor
30:19 Scale Barding Armor
30:17 Padded Archer Armor
30:25 Gold Mining
31:38 Thumb Ring
32:30 Gold Shaft Mining
33:12 Hand Cart
Elite Savage
10:39 Feudal Age
11:47 Double-Bit Axe
14:33 Castle Age
12:46 Double-Bit Axe
15:24 Bow Saw
17:09 Wheelbarrow
17:43 Horse Collar
18:55 Fishing Lines
19:07 Loom
22:15 Gillnets
23:16 Hand Cart
24:59 Treadmill Crane
28:24 Imperial Age
26:40 Forging
26:35 Scale Barding Armor
27:09 Gold Mining
28:00 Iron Casting
28:15 Bloodlines
28:05 Husbandry
29:22 Chain Barding Armor
28:37 Heavy Rocket Cart
30:42 Blast Furnace
30:58 Plate Barding Armor
30:07 Elite Steppe Lancer
32:02 Blast Furnace
31:04 Town Watch
31:56 Gold Shaft Mining
32:25 Two-Man Saw
31:31 Heavy Plow
Shredded_Pork
12:43 Feudal Age
13:30 Double-Bit Axe
13:28 Horse Collar
20:07 Castle Age
18:20 Stone Mining
18:20 Gold Mining
21:32 Bow Saw
23:21 Gold Mining
24:06 Stone Shaft Mining
24:42 Heavy Plow
32:29 Imperial Age
32:50 Wheelbarrow
32:48 Scale Mail Armor
33:00 Forging
32:41 Fletching
32:51 Padded Archer Armor
33:15 Ballistics
33:03 Caravan
32:32 Pikeman
33:14 Squires
33:16 Anarchy
33:36 Conscription
Connection lost

Rejoining the realm…

Still unreachable

The connection could not be restored.

Session expired

The server has moved on; the page needs a fresh start.